AoeStats
← [GG] Shevchenko 7

Arabia

507635565Analyzed
2v2 RM · 15d ago on Sep 19, 2026· 53m 31s· 4 players
Game mode
Random Map
Map size
Medium (4 player)
Population
200
Speed
Normal
Resources
Standard
Victory
Conquest
Starting age
Dark Age
Ending age
Imperial Age
RankedLock teamsTeams togetherTeam positionsShared explorationLock speedFull tech treeHidden civsTurbo modeCheats
Victory
Defeat
🇫🇷 Maya · France
1026
+15
🇸🇬 Spanish · Singapore
991
+17
🇧🇷 Magyars · Brazil
1004
-16
🇧🇷 Persians · Brazil
1001
-16
[GG] Shevchenko 7
10:30 Feudal Age
9:02 Loom
12:38 Scale Barding Armor
14:54 Wheelbarrow
16:41 Forging
21:39 Castle Age
20:09 Double-Bit Axe
20:51 Fletching
21:02 Padded Archer Armor
24:40 Leather Archer Armor
24:42 Elite Skirmisher
28:15 Scale Mail Armor
32:44 Bodkin Arrow
38:06 Imperial Age
36:44 Hand Cart
38:16 Husbandry
42:05 Ballistics
42:28 Cavalier
43:20 Light Cavalry
44:24 Chain Barding Armor
45:44 Bloodlines
46:49 Hussar
46:51 Heavy Camel Rider
51:26 Murder Holes
52:32 Chemistry
52:12 Ring Archer Armor
53:41 Plate Barding Armor
[GG] Trezeguet
11:13 Feudal Age
11:29 Loom
21:04 Castle Age
25:29 Husbandry
25:03 Light Cavalry
27:53 Bloodlines
27:32 Horse Collar
30:37 Scale Mail Armor
42:47 Corvinian Army
53:20 Scale Barding Armor
53:31 Chain Mail Armor
Melon-Lord
0:28 Loom
10:55 Feudal Age
12:56 Double-Bit Axe
14:02 Horse Collar
15:39 Fletching
17:58 Padded Archer Armor
19:54 Gold Mining
24:32 Castle Age
24:56 Crossbowman
25:41 Thumb Ring
25:37 Bodkin Arrow
25:57 Leather Archer Armor
27:03 Heavy Plow
27:16 Bow Saw
28:22 Wheelbarrow
27:32 Town Watch
31:45 Ballistics
35:55 Imperial Age
34:21 Squires
33:42 Pikeman
34:41 Leather Archer Armor
34:29 Scale Mail Armor
34:48 Hand Cart
35:20 Town Patrol
36:20 Forging
36:25 Chain Mail Armor
36:07 Stone Mining
36:38 Bracer
37:08 Ring Archer Armor
36:46 Arbalester
40:01 Chemistry
41:43 Crop Rotation
42:19 Conscription
42:45 Iron Casting
42:40 Plate Mail Armor
42:40 Ring Archer Armor
43:17 Elite Plumed Archer
44:28 Holcans
43:41 Eagle Warrior
44:27 Halberdier
45:03 Elite Eagle Warrior
45:57 Arson
49:56 Caravan
52:04 Two-Man Saw
52:06 Blast Furnace
realtrading
5:07 Loom
11:49 Feudal Age
14:23 Wheelbarrow
16:05 Castle Age
14:33 Double-Bit Axe
14:31 Horse Collar
15:12 Padded Archer Armor
18:25 Gold Mining
18:26 Stone Mining
25:29 Stone Shaft Mining
27:46 Wheelbarrow
30:18 Bow Saw
33:37 Leather Archer Armor
33:13 Fletching
36:01 Bodkin Arrow
36:57 Hand Cart
41:29 Imperial Age
41:42 Elite Skirmisher
42:28 Thumb Ring
44:21 Chemistry
43:42 Ballistics
43:56 Ring Archer Armor
43:26 Bracer
44:11 Heavy Plow
44:00 Town Watch
44:38 Scale Barding Armor
44:44 Forging
45:17 Conscription
45:29 Bloodlines
47:30 Light Cavalry
48:10 Hussar
50:33 Husbandry
50:56 Chain Barding Armor
51:12 Iron Casting
54:00 Plate Barding Armor
54:26 Blast Furnace
Connection lost

Rejoining the realm…

Still unreachable

The connection could not be restored.

Session expired

The server has moved on; the page needs a fresh start.